 Dungeon Crawl Stone Soup version 0.27.1 (webtiles) character file.

Game seed: 17249849543354301363

2245 nxtlvl the Cleaver (level 9, 0/72 HPs)
             Began as a White Draconian Berserker on Aug 21, 2021.
             Was a Priest of Trog.
             Slain by a centaur warrior (10 damage)
             ... on level 8 of the Dungeon on Aug 22, 2021.
             The game lasted 00:14:02 (1772 turns).

nxtlvl the Cleaver (White Draconian Berserker)      Turns: 1772, Time: 00:14:03

Health: 0/72       AC:  8    Str: 20    XL:     9   Next: 15%
Magic:  9/9        EV: 15    Int:  8    God:    Trog [***...]
Gold:   201        SH:  0    Dex: 25    Spells: 8/8 levels left

rFire    . . .     SeeInvis .   a - +3 hand axe (flame)
rCold    + . .     Faith    .   (no shield)
rNeg     . . .     Spirit   .   (armour unavailable)
rPois    .         Reflect  .   d - +1 hat
rElec    .         Harm     .   (no cloak)
rCorr    .         Rampage  .   (no gloves)
Will     .....                  (no boots)
Stlth    ++........             (no amulet)
HPRegen  0.22/turn              p - +6 ring of dexterity
MPRegen  0.11/turn              P - +6 ring of dexterity

@: marked, on berserk cooldown, slowed, very slow
A: breathe frost, AC +7, unfitting armour, cold resistance 1, cold-blooded
a: Breathe Frost, Renounce Religion, Berserk, Trog's Hand


You were on level 8 of the Dungeon.
You worshipped Trog.
Trog was most pleased with you.
You visited 1 branch of the dungeon, and saw 8 of its levels.

You collected 201 gold pieces.

Inventory:

Hand Weapons
 a - a +3 hand axe of flaming (weapon)
 k - a +0 shortbow of electrocution
Missiles
 c - 78 arrows
 h - a throwing net
 i - 49 bolts
 q - 31 poisoned darts (quivered)
Armour
 d - a +1 hat (worn)
Jewellery
 p - a +6 ring of dexterity (left hand)
 P - a +6 ring of dexterity (right hand)
Scrolls
 e - a scroll of immolation
 m - a scroll of teleportation {unknown}
Potions
 f - 4 potions of curing {unknown}
 g - a potion of cancellation
 n - a potion of lignification


   Skills:
 + Level 4.7 Fighting
 * Level 11.5 Axes
 + Level 3.9 Dodging


You had 8 spell levels left.
You didn't know any spells.
Your spell library was empty.

Dungeon Overview and Level Annotations

Branches:
Dungeon (8/15)             Temple (0/1) D:7
   Lair: D:8-11

Altars:
Fedhas
Nemelex Xobeh
Qazlal
Trog
The Shining One

Shops:
D:1 *

Annotations:
D:8 Harold


Innate Abilities, Weirdness & Mutations

You can breathe waves of freezing cold which knock back foes.
Your icy white scales are hard. (AC +7)
You cannot fit into any form of body armour.
Your flesh is cold resistant. (rC+)
You are cold-blooded and may be slowed by cold attacks.


Message History

You closely miss Prince Ribbit.
Your tail-slap misses Prince Ribbit.
Prince Ribbit is severely wounded.
Prince Ribbit blinks!
You miss Prince Ribbit. You tail-slap Prince Ribbit!
Prince Ribbit is almost dead.
You closely miss Prince Ribbit. You tail-slap Prince Ribbit.
You kill Prince Ribbit!
Trog accepts your kill.
Trog appreciates your killing of a magic user.
Prince Ribbit returns to his original shape as he dies.
A centaur warrior comes into view.
Harold the Weathered comes into view.
He is wielding a +0 hand axe and wearing a +1 scale mail of cold resistance.
Harold shouts!
You feel a strong urge to attack something.
You are no longer berserk.
You are exhausted.
You feel yourself slow down.
There is a stone staircase leading up here.
Harold throws a throwing net.
The throwing net hits you.
You become entangled in the net!
You stop ascending the stairs.
Unknown command.
Unknown command.
You struggle against the net.
Harold fires a harpoon shot at you. The harpoon shot hits you!
* * * LOW HITPOINT WARNING * * *
You are yanked forward by the harpoon shot.
Found 19 sling bullets and a hunting sling.
As you read the scroll labelled CUX ZARUJETAPE, it crumbles to dust.
It is a scroll of brand weapon.
Your +0 shortbow crackles with electricity.
k - a +0 shortbow of electrocution Harold points at you and mumbles some strange words.
A sentinel's mark forms upon you. Harold completely misses you.
As you read the scroll labelled WUGUPYLLOMP, it crumbles to dust.
It is a scroll of enchant weapon.
Your +2 hand axe of flaming glows red for a moment.
The centaur warrior hits you!
You die...

.......#....
..........# .
..........# ...
....#.<..#.....
#.....[..)......
⌠.⌠#....##..##.##
. ###..# .##
##..# c. #c@##
... #..@.# #...
#....... ##..
..(.......
...........
....).......
.............
.............#


You could see Harold and a centaur warrior.

Vanquished Creatures
  A cyclops (D:7)
  Prince Ribbit (D:8)
  A water moccasin (D:7)
  An orc warrior (D:7)
  An ogre (D:7)
  A necrophage (D:4)
  A black bear (D:5)
  2 centaurs
  A phantom (D:5)
  A kobold brigand (D:7)
  A bullfrog (D:6)
  2 scorpions
  3 water moccasin skeletons
  3 howler monkeys (D:8)
  A jelly (D:4)
  3 orc priests
  2 iguanas
  5 orc wizards
  A hound skeleton (D:5)
  A howler monkey zombie (D:7)
  4 adders
  4 gnolls (D:4)
  A dart slug (D:5)
  12 orcs
  5 bats
  2 endoplasms (D:4)
  4 giant cockroaches
  5 hobgoblins
  7 kobolds
  A quokka (D:4)
  A ball python (D:3)
  5 goblins
  A rat (D:1)
85 creatures vanquished.

Vanquished Creatures (others)
  4 plants (D:4)
4 creatures vanquished.

Grand Total: 89 creatures vanquished

Notes
Turn   | Place    | Note
-------+----------+-------------------------------------------
     0 | D:1      | nxtlvl the Draconian Berserker began the quest for the Orb.
     0 | D:1      | Reached XP level 1. HP: 19/19 MP: 1/1
    73 | D:1      | Found Higaef's Assorted Antiques.
   166 | D:2      | Reached XP level 2. HP: 22/26 MP: 2/2
   243 | D:4      | Reached skill level 4 in Axes
   243 | D:4      | Reached XP level 3. HP: 13/31 MP: 3/3
   302 | D:4      | Noticed a necrophage
   314 | D:4      | Reached skill level 5 in Axes
   314 | D:4      | Reached XP level 4. HP: 19/38 MP: 4/4
   317 | D:4      | Killed a necrophage
   318 | D:4      | Reached XP level 5. HP: 15/45 MP: 5/5
   361 | D:3      | Reached skill level 6 in Axes
   361 | D:3      | Reached ** piety under Trog
   459 | D:3      | Found a faded altar of an unknown god.
   695 | D:4      | Found a glowing golden altar of the Shining One.
   814 | D:4      | Identified the +8 dagger of Termination {pain, rC- Will++
                  | Dex+4}
   836 | D:4      | Reached XP level 6. HP: 5/51 MP: 6/6
   985 | D:5      | Entered Level 5 of the Dungeon
   995 | D:5      | Reached skill level 7 in Axes
  1146 | D:5      | Reached skill level 8 in Axes
  1167 | D:5      | Your scales start taking on an icy white colour.
  1167 | D:5      | Reached XP level 7. HP: 57/57 MP: 7/7
  1167 | D:5      | Gained mutation: Your flesh is cold resistant. (rC+) [White
                  | Draconian growth]
  1219 | D:5      | Found a bloodstained altar of Trog.
  1230 | D:5      | Found a sparkling altar of Nemelex Xobeh.
  1312 | D:6      | Reached skill level 9 in Axes
  1314 | D:6      | Reached *** piety under Trog
  1419 | D:7      | Reached XP level 8. HP: 60/63 MP: 8/8
  1489 | D:7      | Noticed a cyclops
  1496 | D:7      | Killed a cyclops
  1497 | D:7      | Reached skill level 10 in Axes
  1530 | D:7      | Reached skill level 11 in Axes
  1614 | D:7      | Found a blossoming altar of Fedhas.
  1615 | D:7      | Found a staircase to the Ecumenical Temple.
  1736 | D:7      | Found a stormy altar of Qazlal.
  1748 | D:8      | Noticed Prince Ribbit
  1756 | D:8      | Reached XP level 9. HP: 46/72 MP: 9/9
  1766 | D:8      | Killed Prince Ribbit
  1766 | D:8      | Noticed a centaur warrior
  1767 | D:8      | Noticed Harold
  1772 | D:8      | Slain by a centaur warrior

Illustrated notes

Levels and vault maps discovered:
D:1:      lemuel_arrival_room, layout_basic, serial_shops, shop,
          minmay_worlds_worst_comb
D:2:      kb_forest_paths, layout_basic, serial_rivers,
          chequers_serial_rivers_room_a, chequers_serial_rivers_micro_a,
          chequers_serial_rivers_small_3, chequers_serial_rivers_large_a,
          chequers_serial_rivers_room_a, grunt_ministairs_8, minmay_ruptured
D:3:      layout_basic, basic_ecumenical_altar
D:4:      layout_loops_ring, tso_oasis_becter, gup_sewer_entry_spiral
D:5:      layout_basic, mainiacjoe_overflow_catch_the_wave
D:6:      cheibrodos_thug_alley, layout_loops_ring, uniq_sigmund
D:7:      layout_loops_corners, grunt_temple_overflow_forces_of_nature,
          nzn_wu_jian_council_hall, minmay_temple_entry_proselytizer
D:8:      layout_cave_pools, serial_shops, nicolae_lakefront_shop,
          kennysheep_mini, kennysheep_mini_moat, nicolae_inconvenience_store,
          shop_fountains, uniq_harold, uniq_maggie, uniq_grum,
          uniq_prince_ribbit1

Skill      XL: |  1  2  3  4  5  6  7  8 |
---------------+-------------------------+-----
Axes           | 4 5 6 8 9 11 | 11.5
Dodging        | 3 |  3.9
Fighting       | 4 |  4.7

Action                   |  1- 3 |  4- 6 |  7- 9 || total
-------------------------+-------+-------+-------++-------
Melee: Hand axe          |    47 |    96 |    78 ||   221
       Tailslap          |     4 |    25 |    22 ||    51
Throw: Dart              |       |     5 |     5 ||    10
Invok: Berserk           |     2 |     6 |     8 ||    16
 Abil: Breathe Frost     |       |       |     1 ||     1
  Use: Scroll            |       |       |     5 ||     5
 Stab: Sleeping          |     2 |     4 |     2 ||     8
       Distracted        |       |     1 |       ||     1
Armor: Skin              |    15 |    16 |    14 ||    45
Dodge: Dodged            |    27 |    43 |    43 ||   113
